AoeStats
← Cattiva

Lombardia

508914577Analyzed
4v4 RM · 7d ago on Sep 24, 2026· 48m 12s· 8 players
Game mode
Random Map
Map size
Large (8 player)
Population
200
Speed
Normal
Resources
Standard
Victory
Conquest
Starting age
Dark Age
Ending age
Imperial Age
RankedLock teamsTeams togetherTeam positionsShared explorationLock speedFull tech treeHidden civsTurbo modeCheats
Victory
Defeat
🇨🇭 Varangians · Switzerland
1356
+16
🇩🇪 Jurchens · Germany
1322
+18
🇦🇷 Bohemians · Argentina
1311
+18
🇹🇼 Franks · Taiwan
1270
+19
🇹🇼 Persians · Taiwan
1390
-19
🇭🇰 Koreans · Hong Kong SAR China
1387
-19
🇹🇼 Britons · Taiwan
1328
-17
🇹🇼 Spanish · Taiwan
1320
-16
uAleks
6:06 Loom
12:59 Feudal Age
19:44 Castle Age
19:33 Double-Bit Axe
21:38 Horse Collar
24:24 Scale Barding Armor
26:12 Bow Saw
26:04 Heavy Plow
27:40 Bloodlines
27:30 Husbandry
30:39 Forging
32:02 Chain Barding Armor
31:56 Husbandry
33:25 Iron Casting
37:34 Imperial Age
38:09 Masonry
37:40 Treadmill Crane
38:13 Fortified Wall
37:41 Elite Iron Pagoda
38:42 Conscription
38:59 Plate Barding Armor
39:25 Blast Furnace
40:16 Crop Rotation
41:15 Blast Furnace
40:39 Gold Mining
41:33 Light Cavalry
42:28 Stone Mining
46:47 Hussar
Shoggi
6:26 Loom
8:55 Feudal Age
9:34 Double-Bit Axe
9:53 Horse Collar
15:12 Bloodlines
19:43 Castle Age
19:33 Scale Barding Armor
19:38 Forging
21:36 Chain Barding Armor
26:10 Husbandry
29:05 Bow Saw
28:56 Heavy Plow
30:30 Wheelbarrow
30:12 Town Watch
36:47 Imperial Age
34:11 Gold Mining
34:11 Stone Mining
35:23 Iron Casting
35:28 Hand Cart
36:29 Fletching
36:19 Vendel Legacy
36:53 Cavalier
38:15 Plate Barding Armor
37:41 Scale Mail Armor
40:08 Blast Furnace
40:55 Ballistics
41:35 Chemistry
43:46 Two-Man Saw
43:17 Crop Rotation
44:41 Caravan
45:11 Coinage
Cattiva
9:52 Loom
12:02 Feudal Age
16:44 Castle Age
20:05 Double-Bit Axe
22:03 Double-Bit Axe
29:09 Wheelbarrow
31:59 Hand Cart
31:48 Gold Mining
32:11 Town Watch
32:44 Bow Saw
34:10 Gold Shaft Mining
36:48 Imperial Age
34:46 Fletching
34:56 Padded Archer Armor
35:10 Husbandry
36:03 Bodkin Arrow
36:23 Leather Archer Armor
35:56 Ordonnance Companies
37:05 Town Patrol
37:49 Conscription
36:53 Cranequins
37:32 Stone Mining
37:29 Heavy Mounted Crossbowman
38:48 Ballistics
40:57 Capped Ram
43:05 Chemistry
42:17 Scale Barding Armor
42:23 Forging
42:51 Hoardings
43:49 Chivalry
44:10 Chain Barding Armor
44:26 Iron Casting
44:13 Treadmill Crane
44:35 Cavalier
45:54 Plate Barding Armor
46:09 Caravan
46:23 Paladin
48:23 Blast Furnace
santy
8:31 Loom
11:12 Feudal Age
15:15 Castle Age
21:32 Fletching
22:02 Double-Bit Axe
24:28 Fervor
28:54 Wheelbarrow
32:07 Imperial Age
29:55 Pikeman
30:36 Scale Mail Armor
30:47 Forging
30:39 Town Watch
33:08 Conscription
33:55 Chemistry
32:34 Halberdier
34:57 Siege Engineers
35:42 Squires
36:19 Iron Casting
35:41 Bodkin Arrow
37:00 Hand Cart
36:45 Elite Skirmisher
37:56 Bow Saw
39:11 Bracer
39:12 Padded Archer Armor
40:13 Blast Furnace
41:33 Houfnice
44:15 Wagenburg Tactics
47:04 Ballistics
47:04 Bombard Tower
46:38 Arson
47:53 Leather Archer Armor
47:53 Chain Mail Armor
Sasankuros
8:36 Loom
11:11 Feudal Age
11:53 Horse Collar
12:00 Double-Bit Axe
18:11 Castle Age
19:15 Bow Saw
22:12 Fletching
24:49 Heavy Plow
26:00 Bodkin Arrow
26:49 Ballistics
27:46 Crossbowman
29:08 Padded Archer Armor
29:30 Treadmill Crane
31:10 Yeomen
30:53 Gold Mining
30:53 Stone Mining
35:29 Masonry
35:30 Fortified Wall
38:38 Imperial Age
38:00 Leather Archer Armor
39:22 Bracer
39:52 Ring Archer Armor
39:46 Conscription
41:47 Wheelbarrow
43:48 Chemistry
43:19 Architecture
42:47 Murder Holes
42:48 Pikeman
43:29 Squires
43:45 Forging
43:37 Scale Mail Armor
44:34 Caravan
45:13 Halberdier
kenchen
10:38 Feudal Age
9:39 Loom
9:46 Loom
9:48 Loom
14:14 Castle Age
19:03 Double-Bit Axe
20:08 Padded Archer Armor
22:05 Horse Collar
25:20 Fervor
35:01 Imperial Age
33:03 Husbandry
33:13 Bloodlines
35:19 Wheelbarrow
34:30 Town Watch
35:22 Bow Saw
36:06 Sanctity
36:04 Block Printing
36:01 Bloodlines
36:13 Conscription
35:54 Inquisition
36:55 Elite Conquistador
37:55 Leather Archer Armor
38:06 Hand Cart
38:20 Redemption
38:15 Gold Mining
39:39 Two-Man Saw
39:36 Coinage
40:11 Ring Archer Armor
41:36 Hoardings
41:17 Masonry
41:21 Fortified Wall
43:37 Architecture
43:56 Guilds
BILLLLLLLYYY
4:41 Loom
10:07 Feudal Age
11:46 Double-Bit Axe
16:20 Fletching
26:06 Castle Age
24:49 Gold Mining
27:01 Bow Saw
27:14 Pikeman
30:20 Wheelbarrow
29:51 Horse Collar
30:44 Scale Barding Armor
30:53 Husbandry
33:10 Forging
34:50 Iron Casting
34:43 Chain Barding Armor
38:10 Stone Mining
38:57 Gold Shaft Mining
40:05 Scale Mail Armor
42:54 Imperial Age
40:41 Hand Cart
40:12 Town Watch
40:31 Squires
41:09 Iron Casting
43:02 Halberdier
43:28 Arson
43:51 Bodkin Arrow
z3qc7i0oc5s1k
1:56 Loom
22:16 Feudal Age
27:12 Feudal Age
38:23 Double-Bit Axe
41:16 Castle Age
40:33 Scale Mail Armor
41:01 Horse Collar
41:28 Pikeman
42:11 Squires
42:27 Chain Mail Armor
42:25 Forging
44:36 Bow Saw
44:28 Heavy Plow
Connection lost

Rejoining the realm…

Still unreachable

The connection could not be restored.

Session expired

The server has moved on; the page needs a fresh start.